 Dungeon Crawl Stone Soup version 0.29-a0-551-gffc1d7fb78 (webtiles) character file.

Game seed: 7076043165435264259

160 xian the Slasher (level 5, -3/39 HPs)
             Began as a Demonspawn Warper on June 5, 2022.
             Slain by an iron imp (7 damage)
             ... summoned by Natasha
             ... on level 2 of the Dungeon.
             The game lasted 00:06:00 (2574 turns).

xian the Slasher (Demonspawn Warper)                Turns: 2574, Time: 00:06:00

Health: -3/39      AC:  6    Str: 11    XL:     5   Next: 17%
Magic:  8/8        EV: 12    Int: 22    God:
Gold:   130        SH:  4    Dex: 13    Spells: 3/8 levels left

rFire   . . .      SeeInvis .   a - +1 falchion
rCold   . . .      Faith    .   (no shield)
rNeg    . . .      Spirit   .   g - +2 leather armour {rPois}
rPois   +          Reflect  .   (helmet restricted)
rElec   .          Harm     .   (no cloak)
rCorr   .          Rampage  .   (no gloves)
Will    .....                   i - +0 pair of boots
Stlth   +.........              (no amulet)
HPRegen 0.13/turn               e - +6 ring of intelligence
MPRegen 0.11/turn               (no ring)

@: no status effects
A: horns 1, large bone plates 1
a: no special abilities


You were on level 2 of the Dungeon.
You visited 1 branch of the dungeon, and saw 2 of its levels.

You collected 130 gold pieces.

Inventory:

Hand Weapons
 a - a +1 falchion (weapon)
Missiles
 d - 6 boomerangs of dispersal
 l - 2 poisoned darts (quivered)
Armour
 g - a +2 leather armour of poison resistance (worn)
 i - a +0 pair of boots (worn)
Jewellery
 e - a +6 ring of intelligence (left hand)
Scrolls
 b - 2 scrolls of enchant armour
 c - 2 scrolls of blinking
Potions
 f - a potion of heal wounds {unknown}
 h - a potion of haste {unknown}
 j - a potion of lignification {unknown}
 k - 2 potions of ambrosia {unknown}


   Skills:
 + Level 2.6 Fighting
 + Level 3.4 Long Blades
 + Level 0.8 Throwing
 + Level 1.7 Armour
 + Level 2.4 Dodging
 + Level 0.4 Shields
 + Level 2.1 Spellcasting
 + Level 3.0 Translocations


You had 3 spell levels left.
You knew the following spells:

 Your Spells              Type           Power      Damage    Failure   Level
a - Blink                 Tloc           30%        N/A       8%          2
b - Gell's Gravitas       Tloc           15%        N/A       16%         3

Your spell library contained the following spells:

 Spells                   Type           Power      Damage    Failure   Level
 Lesser Beckoning         Tloc           15%        N/A       16%         3
 Teleport Other           Tloc           15%        N/A       16%         3
 Freeze                   Ice            8%         1d3       19%         1
 Static Discharge         Conj/Air       2%         N/A       26%         2
 Frozen Ramparts          Ice            4%         1d2       47%         3
 Manifold Assault         Tloc           15%        N/A       80%         5
 Dispel Undead            Necr           2%         3d7       87%         4
 Hailstorm                Conj/Ice       2%         3d3       87%         4
 Sticky Flame             Conj/Fire      2%         2d3       87%         4


Dungeon Overview and Level Annotations

Branches:
Dungeon (2/15)

Altars:

Annotations:
D:2 Natasha


Innate Abilities, Weirdness & Mutations

You have a pair of small horns on your head.
You are partially covered in large bone plates. (SH +4)


Message History

Natasha is severely wounded.
Natasha claws you. You block the iron imp's attack.
The white imp hits you but does no damage.
The shadow imp hits you.
You closely miss Natasha. Your headbutt misses Natasha.
Natasha is severely wounded.
A nearby plant withers and dies.
Natasha claws you but does no damage. The iron imp barely misses you.
The white imp barely misses you. The shadow imp barely misses you.
Natasha closely misses you.
You miss Natasha.
Natasha is severely wounded.
The white imp closely misses you. You block the shadow imp's attack.
Natasha mumbles some strange words.
Natasha's front paws start to glow.
Natasha barely misses you. The iron imp closely misses you.
You barely miss Natasha.
Natasha is heavily wounded.
The white imp barely misses you. The shadow imp hits you.
Natasha closely misses you. The iron imp barely misses you.
You barely miss Natasha.
Natasha is heavily wounded.
The white imp barely misses you. The shadow imp closely misses you.
Natasha misses you. The iron imp barely misses you.
You hit Natasha.
Natasha is severely wounded.
The white imp gestures at you. The puff of frost hits you.
The shadow imp hits you.
Natasha stares at you and mumbles some strange words.
The magic dart hits you.
You closely miss Natasha.
Natasha is severely wounded.
The white imp hits you.
* * * LOW HITPOINT WARNING * * *
The white imp freezes you.
* * * LOW HITPOINT WARNING * * *
The shadow imp gestures at you. Pain shoots through your body!
* * * LOW HITPOINT WARNING * * *
The iron imp hits you!
You die...

#.##....≈≈♣..P.....######.......
#.##..P....PP##....# #.......
#.##.......P###....######....###
#.##......(..............)...# #
#.##...P....................<# #
#.###.......(................###
#.# #....≈...................'..
#.# #...≈≈♣...h5.............##.
#.# #...≈≈....5@5............##.
#.# #...≈≈≈........############.
#.# #....≈........(# #. #.#
#.........†....# #. #.#
#..........##### #. #.#
#..........# ## #.# #..........#
#.# ####.......# #.# #.......#


You could see an iron imp (summoned), Natasha, a white imp (summoned) and a
shadow imp (summoned).

Vanquished Creatures
  Natasha (twice) (D:2)
  4 adders (D:2)
  3 gnolls (D:2)
  2 dart slugs (D:1)
  3 bats
  2 endoplasms
  2 giant cockroaches
  3 hobgoblins
  3 quokkas
  6 ball pythons
  3 frilled lizards (D:1)
  3 goblins
  6 kobolds
  5 rats
47 creatures vanquished.

Vanquished Creatures (others)
  9 plants (D:2)
9 creatures vanquished.

Grand Total: 56 creatures vanquished

Notes
Turn   | Place    | Note
-------+----------+-------------------------------------------
     0 | D:1      | xian the Demonspawn Warper began the quest for the Orb.
     0 | D:1      | Reached XP level 1. HP: 16/16 MP: 3/3
   374 | D:1      | Found a faded altar of an unknown god.
   388 | D:1      | Gained mutation: You are partially covered in large bone
                  | plates. (SH +4) [demonic ancestry]
   388 | D:1      | Reached XP level 2. HP: 22/22 MP: 5/5
   917 | D:1      | Reached skill level 1 in Armour
   931 | D:1      | Learned a level 2 spell: Blink
  1293 | D:2      | Gained mutation: You have a pair of small horns on your
                  | head. [demonic ancestry]
  1293 | D:2      | Reached XP level 3. HP: 21/27 MP: 6/6
  1580 | D:2      | Learned a level 3 spell: Gell's Gravitas
  1711 | D:2      | Reached XP level 4. HP: 19/33 MP: 7/7
  1944 | D:2      | Noticed Natasha
  1952 | D:2      | Killed Natasha
  2258 | D:2      | Noticed Natasha
  2266 | D:2      | Killed Natasha
  2267 | D:2      | Reached XP level 5. HP: 26/39 MP: 8/8
  2558 | D:2      | Noticed Natasha
  2574 | D:2      | Slain by an iron imp

Illustrated notes

Levels and vault maps discovered:
D:1:      saegor_arrival_simple_a, layout_basic,
          shapermc_ecumenical_altar_mp_urbaneastern
D:2:      layout_basic, serial_bayou, serial_bayou_ford_a, serial_bayou_pond_a,
          serial_bayou_pond_a, serial_bayou_pond_e, minmay_tetromino_t2,
          uniq_natasha

Skill      XL: |  1  2  3  4 |
---------------+-------------+-----
Translocations | 3 |  3.0
Long Blades    | 2 3 |  3.4
Armour         | 1 |  1.7
Dodging        | 2 |  2.4
Fighting       | |  2.6
Throwing       | |  0.8
Shields        | |  0.4
Spellcasting   | |  2.1

Action                   |  1- 3 |  4- 6 || total
-------------------------+-------+-------++-------
Melee: Falchion          |   103 |    54 ||   157
       Headbutt          |     6 |     4 ||    10
Throw: Boomerang         |     1 |       ||     1
       Dart              |       |     4 ||     4
  Use: Scroll            |     4 |       ||     4
Armor: Leather armour    |    36 |    15 ||    51
Dodge: Dodged            |    77 |    42 ||   119
Block: Other             |    18 |    12 ||    30

Table legend: (Time is in decaauts)
 A = Elapsed time spent in this place.
 B = Non-inter-level travel time spent in this place.
 C = Inter-level travel time spent in this place.
 D = Time resting spent in this place.
 E = Time spent auto-exploring this place.
 F = Levels seen in this place.
 G = Mean time per level.
                   A        B        C        D        E       F      G
               +--------+--------+--------+--------+--------+-----+--------+
         Total |   2602 |   2592 |     10 |    100 |   1893 |   2 | 1301.0 |
       Dungeon |   2602 |   2592 |     10 |    100 |   1893 |   2 | 1301.0 |
               +--------+--------+--------+--------+--------+-----+--------+

Top non-repeatable levels by time:
     D:2: 1361 daAuts
     D:1: 1241 daAuts
